TOP OF THE 1ST |
Carolina Mudcats batting - Pitching for Palm Beach Cardinals : RHP Peter Lambert
|
Pitching: RHP Peter Lambert
|
|
Batting: RHB Eguy Rosario
|
0-0: Foul Ball, location: 2F 0-1: Ball 1-1: Foul Ball, location: 2F 1-2: Ground out 6-3 (Groundball, 6)
|
Batting: SHB Leody Taveras
|
0-0: Ball 1-0: Foul Ball, location: 2F 1-1: Ball 2-1: Swinging Strike 2-2: Strikes out swinging
|
Batting: SHB Dylan Carlson
|
0-0: Swinging Strike 0-1: Ground out 4-3 (Groundball, 34D)
|
Top of the 1st over - 0 runs, 0 hits, 0 errors, 0 left on base; Carolina 0 - Palm Beach 0 |
BOTTOM OF THE 1ST |
Palm Beach Cardinals batting - Pitching for Carolina Mudcats : RHP Brusdar Graterol
|
Pitching: RHP Brusdar Graterol
|
|
Batting: RHB Cole Freeman
|
0-0: Called Strike 0-1: Fly out, F6 (Line Drive, 6)
|
Batting: SHB Drew Waters
|
0-0: Ground out U3 (Groundball, 34S)
|
Batting: SHB Emerson Jimenez
|
0-0: Called Strike 0-1: Called Strike 0-2: Ball 1-2: Foul Ball, location: 2F 1-2: Ball 2-2: Ball 3-2: Foul Ball, location: 2F 3-2: Strikes out swinging
|
Bottom of the 1st over - 0 runs, 0 hits, 0 errors, 0 left on base; Carolina 0 - Palm Beach 0 |
TOP OF THE 2ND |
Carolina Mudcats batting - Pitching for Palm Beach Cardinals : RHP Peter Lambert
|
Batting: RHB Cristian Santana
|
0-0: Foul Ball, location: 2F 0-1: Ball 1-1: Called Strike 1-2: Fly out, F8 (Flyball, 8RM)
|
Batting: RHB Miguel Amaya
|
0-0: Ground out 5-3 (Groundball, 5)
|
Batting: RHB Wadye Ynfante
|
0-0: Ball 1-0: Swinging Strike 1-1: Called Strike 1-2: Strikes out swinging
|
Top of the 2nd over - 0 runs, 0 hits, 0 errors, 0 left on base; Carolina 0 - Palm Beach 0 |
BOTTOM OF THE 2ND |
Palm Beach Cardinals batting - Pitching for Carolina Mudcats : RHP Brusdar Graterol
|
Batting: LHB Matt Winaker
|
0-0: Ball 1-0: Called Strike 1-1: DOUBLE (Line Drive, 3D)
|
Batting: RHB Connor Wong
|
0-0: Called Strike 0-1: DOUBLE (Flyball, 8RXD) Matt Winaker scores
|
Batting: LHB Owen Spiwak
|
0-0: Ball 1-0: Foul Ball, location: 2F 1-1: Foul Ball, location: 2F 1-2: Ball 2-2: Ball 3-2: Strikes out swinging
|
Batting: RHB Tristen Lutz
|
0-0: Called Strike 0-1: Ball 1-1: Ball 2-1: Foul Ball, location: 2F 2-2: Strikes out swinging
|
Batting: LHB Trey Cabbage
|
0-0: Swinging Strike 0-1: Called Strike 0-2: Foul Ball, location: 2F 0-2: SINGLE (Line Drive, 34D) Connor Wong to third Runner from 3rd tries for Home, SAFE, no throw
|
Batting: RHB Starling Heredia
|
0-0: Called Strike 0-1: Fly out, F8 (Flyball, 89S)
|
Bottom of the 2nd over - 2 runs, 3 hits, 0 errors, 1 left on base; Carolina 0 - Palm Beach 2 |
TOP OF THE 3RD |
Carolina Mudcats batting - Pitching for Palm Beach Cardinals : RHP Peter Lambert
|
Batting: RHB Elehuris Montero
|
0-0: Called Strike 0-1: Foul Ball, location: 2F 0-2: Ground out 5-3 (Groundball, 5L)
|
Batting: RHB Alexander Campos
|
0-0: Foul Ball, location: 2F 0-1: Ball 1-1: Called Strike 1-2: Ball 2-2: Strikes out swinging
|
Batting: RHB Juan Querecuto
|
0-0: Ball 1-0: Foul Ball, location: 2F 1-1: Called Strike 1-2: Strikes out swinging
|
Top of the 3rd over - 0 runs, 0 hits, 0 errors, 0 left on base; Carolina 0 - Palm Beach 2 |
BOTTOM OF THE 3RD |
Palm Beach Cardinals batting - Pitching for Carolina Mudcats : RHP Brusdar Graterol
|
Batting: RHB Cole Freeman
|
0-0: Swinging Strike 0-1: Swinging Strike 0-2: DOUBLE (Line Drive, 5D)
|
Batting: SHB Drew Waters
|
0-0: Called Strike 0-1: Ball 1-1: Foul Ball, location: 2F 1-2: Strikes out swinging
|
Batting: SHB Emerson Jimenez
|
0-0: Ball 1-0: Foul Ball, location: 2F 1-1: Foul Ball, location: 2F 1-2: Fly out, F4 (Line Drive, 4)
|
Batting: LHB Matt Winaker
|
0-0: SINGLE (Flyball, 89M) Cole Freeman to third Runner from 3rd tries for Home, SAFE, throw made home
|
Batting: RHB Connor Wong
|
0-0: Fielders Choice at 2nd, 4-6 (Groundball, 4MD)
|
Bottom of the 3rd over - 1 run, 2 hits, 0 errors, 1 left on base; Carolina 0 - Palm Beach 3 |
TOP OF THE 4TH |
Carolina Mudcats batting - Pitching for Palm Beach Cardinals : RHP Peter Lambert
|
Batting: RHB Eguy Rosario
|
0-0: Ball 1-0: Fly out, F4 (Line Drive, 4)
|
Batting: SHB Leody Taveras
|
0-0: Foul Ball, location: 2F 0-1: Ball 1-1: Foul Ball, location: 2F 1-2: Fly out, F8 (Line Drive, 8LD)
|
Batting: SHB Dylan Carlson
|
0-0: Called Strike 0-1: Foul Ball, location: 2F 0-2: Strikes out looking
|
Top of the 4th over - 0 runs, 0 hits, 0 errors, 0 left on base; Carolina 0 - Palm Beach 3 |
BOTTOM OF THE 4TH |
Palm Beach Cardinals batting - Pitching for Carolina Mudcats : RHP Brusdar Graterol
|
Batting: LHB Owen Spiwak
|
0-0: Ground out 4-3 (Groundball, 4S)
|
Batting: RHB Tristen Lutz
|
0-0: Foul Ball, location: 2F 0-1: Ball 1-1: Ball 2-1: Ball 3-1: Called Strike 3-2: Base on Balls
|
Batting: LHB Trey Cabbage
|
0-0: Ball 1-0: DOUBLE (Groundball, 3L) Tristen Lutz to third
|
Batting: RHB Starling Heredia
|
0-0: Called Strike 0-1: Foul Ball, location: 2F 0-2: Foul Ball, location: 2F 0-2: Ball 1-2: Foul Ball, location: 2F 1-2: Foul Ball, location: 2F 1-2: Strikes out swinging
|
Batting: RHB Cole Freeman
|
0-0: Ball 1-0: Called Strike 1-1: SINGLE (Groundball, 34) (infield hit) Tristen Lutz scores Trey Cabbage to third
|
Batting: SHB Drew Waters
|
0-0: Ball 1-0: Ball 2-0: Called Strike 2-1: Called Strike 2-2: Strikes out swinging
|
Bottom of the 4th over - 1 run, 2 hits, 0 errors, 2 left on base; Carolina 0 - Palm Beach 4 |
TOP OF THE 5TH |
Carolina Mudcats batting - Pitching for Palm Beach Cardinals : RHP Peter Lambert
|
Batting: RHB Cristian Santana
|
0-0: Ball 1-0: Ball 2-0: SINGLE (Groundball, 6MD)
|
Batting: RHB Miguel Amaya
|
0-0: Ball 1-0: Ball Cristian Santana steals 2nd base 2-0: Called Strike 2-1: Called Strike 2-2: Reached on error, E6 (Groundball, 6S) Cristian Santana scores
|
Batting: RHB Wadye Ynfante
|
0-0: Foul Ball, location: 2F 0-1: Ball 1-1: Fly out, F8 (Flyball, 89M)
|
Batting: RHB Elehuris Montero
|
0-0: Ball 1-0: DOUBLE (Flyball, 8RD) Miguel Amaya scores
|
Batting: RHB Alexander Campos
|
0-0: Foul Ball, location: 2F 0-1: Called Strike 0-2: Ball 1-2: Ball 2-2: Ball 3-2: SINGLE (Groundball, 6MD) Elehuris Montero to third
|
Batting: RHB Juan Querecuto
|
0-0: Called Strike 0-1: Swinging Strike 0-2: Ball 1-2: Grounds into double play, 6-4-3 (Groundball, 6)
|
Top of the 5th over - 2 runs, 3 hits, 1 error, 1 left on base; Carolina 2 - Palm Beach 4 |
BOTTOM OF THE 5TH |
Palm Beach Cardinals batting - Pitching for Carolina Mudcats : RHP Brusdar Graterol
|
Batting: SHB Emerson Jimenez
|
0-0: Foul Ball, location: 2F 0-1: Ball 1-1: Foul Ball, location: 2F 1-2: Ground out 2-3 (Groundball, 13S)
|
Batting: LHB Matt Winaker
|
0-0: Fly out, F8 (Flyball, 89M)
|
Batting: RHB Connor Wong
|
0-0: Called Strike 0-1: Swinging Strike 0-2: Fly out, F4 (Line Drive, 4)
|
Bottom of the 5th over - 0 runs, 0 hits, 0 errors, 0 left on base; Carolina 2 - Palm Beach 4 |
TOP OF THE 6TH |
Carolina Mudcats batting - Pitching for Palm Beach Cardinals : RHP Peter Lambert
|
Batting: RHB Eguy Rosario
|
0-0: Called Strike 0-1: Foul Ball, location: 2F 0-2: Strikes out swinging
|
Batting: SHB Leody Taveras
|
0-0: Ball 1-0: Fly out, F7 (Flyball, 7S)
|
Batting: SHB Dylan Carlson
|
0-0: Ball 1-0: Called Strike 1-1: Fly out, F8 (Flyball, 89D)
|
Top of the 6th over - 0 runs, 0 hits, 0 errors, 0 left on base; Carolina 2 - Palm Beach 4 |
BOTTOM OF THE 6TH |
Palm Beach Cardinals batting - Pitching for Carolina Mudcats : RHP Brusdar Graterol
|
Batting: LHB Owen Spiwak
|
0-0: Called Strike 0-1: SINGLE (Line Drive, 6D)
|
Batting: RHB Tristen Lutz
|
0-0: Ball 1-0: SINGLE (Groundball, 6MD) Owen Spiwak to second Runner from 2nd tries for 3rd, SAFE, no throw
|
Pitching: RHP Juan Then
|
|
Batting: LHB Trey Cabbage
|
0-0: Called Strike 0-1: Fly out, F4 (Popup, 4S)
|
Batting: RHB Starling Heredia
|
0-0: Ball 1-0: Ball 2-0: Ball 3-0: Base on Balls Tristen Lutz to second
|
Batting: RHB Cole Freeman
|
0-0: Called Strike 0-1: Ball 1-1: Ball 2-1: Foul Ball, location: 2F 2-2: Fly out, F7 (Flyball, 78S)
|
Batting: SHB Drew Waters
|
0-0: Swinging Strike 0-1: SINGLE (Groundball, 34) (infield hit) Owen Spiwak scores Tristen Lutz to third Starling Heredia to second
|
Batting: SHB Emerson Jimenez
|
0-0: Foul Ball, location: 2F 0-1: Swinging Strike 0-2: Ground out 4-3 (Groundball, 4)
|
Bottom of the 6th over - 1 run, 3 hits, 0 errors, 3 left on base; Carolina 2 - Palm Beach 5 |
TOP OF THE 7TH |
Carolina Mudcats batting - Pitching for Palm Beach Cardinals : RHP Peter Lambert
|
Batting: RHB Cristian Santana
|
0-0: Bunt for hit - play at first, batter OUT! 1-3
|
Batting: RHB Miguel Amaya
|
0-0: Ball 1-0: Ball 2-0: Swinging Strike 2-1: SINGLE (Popup, 56D)
|
Batting: RHB Wadye Ynfante
|
0-0: Grounds into double play, 6-4-3 (Groundball, 6)
|
Top of the 7th over - 0 runs, 1 hit, 0 errors, 0 left on base; Carolina 2 - Palm Beach 5 |
BOTTOM OF THE 7TH |
Palm Beach Cardinals batting - Pitching for Carolina Mudcats : RHP Juan Then
|
Batting: LHB Matt Winaker
|
0-0: Ball 1-0: Ball 2-0: Called Strike 2-1: Ball 3-1: Foul Ball, location: 2F 3-2: Strikes out looking
|
Batting: RHB Connor Wong
|
0-0: Called Strike 0-1: Swinging Strike 0-2: Strikes out swinging
|
Batting: LHB Owen Spiwak
|
0-0: Fly out, F8 (Flyball, 78M)
|
Bottom of the 7th over - 0 runs, 0 hits, 0 errors, 0 left on base; Carolina 2 - Palm Beach 5 |
TOP OF THE 8TH |
Carolina Mudcats batting - Pitching for Palm Beach Cardinals : RHP Peter Lambert
|
Batting: RHB Elehuris Montero
|
0-0: Swinging Strike 0-1: Foul Ball, location: 2F 0-2: Foul Ball, location: 2F 0-2: Strikes out swinging
|
Batting: RHB Alexander Campos
|
0-0: Ball 1-0: Ball 2-0: Called Strike 2-1: Ground out 5-3 (Groundball, 56S)
|
Pitching: RHP Collin Wiles
|
|
Batting: RHB Juan Querecuto
|
0-0: Ball 1-0: Hit by Pitch
|
Batting: RHB Eguy Rosario
|
0-0: Called Strike 0-1: Foul Ball, location: 2F 0-2: Ball 1-2: Fly out, F9 (Flyball, 9LM)
|
Top of the 8th over - 0 runs, 0 hits, 0 errors, 1 left on base; Carolina 2 - Palm Beach 5 |
BOTTOM OF THE 8TH |
Palm Beach Cardinals batting - Pitching for Carolina Mudcats : RHP Juan Then
|
Batting: RHB Tristen Lutz
|
0-0: Foul Ball, location: 2F 0-1: Ground out 1-3 (Groundball, 23)
|
Batting: LHB Trey Cabbage
|
0-0: Ball 1-0: Ball 2-0: Called Strike 2-1: Foul Ball, location: 2F 2-2: Ball 3-2: SINGLE (Groundball, 34)
|
Pitching: RHP Brigham Hill
|
|
Batting: RHB Starling Heredia
|
0-0: Called Strike 0-1: Foul Ball, location: 2F 0-2: Foul Ball, location: 2F 0-2: Ball 1-2: Foul Ball, location: 2F 1-2: Ball 2-2: Foul Ball, location: 2F 2-2: Ball 3-2: Foul Ball, location: 2F 3-2: Strikes out swinging Trey Cabbage steals 2nd base Batter strikes out.
|
Batting: RHB Cole Freeman
|
0-0: Called Strike 0-1: Foul Ball, location: 2F 0-2: Ground out U3 (Groundball, 3L)
|
Bottom of the 8th over - 0 runs, 1 hit, 0 errors, 1 left on base; Carolina 2 - Palm Beach 5 |
TOP OF THE 9TH |
Carolina Mudcats batting - Pitching for Palm Beach Cardinals : RHP Collin Wiles
|
Pitching: RHP Brac Warren
|
|
Batting: SHB Leody Taveras
|
0-0: Ball 1-0: Ball 2-0: Ball 3-0: Called Strike 3-1: Base on Balls
|
Batting: SHB Dylan Carlson
|
0-0: Called Strike 0-1: Called Strike 0-2: Ball 1-2: Ball 2-2: Strikes out looking
|
Batting: RHB Cristian Santana
|
0-0: Ball 1-0: Foul Ball, location: 2F 1-1: Swinging Strike 1-2: Ball 2-2: Foul Ball, location: 2F 2-2: Grounds into double play, 5-4-3 (Groundball, 56)
|
Top of the 9th over - 0 runs, 0 hits, 0 errors, 0 left on base; Carolina 2 - Palm Beach 5 |
|